 Dungeon Crawl Stone Soup version 0.21.1-1-g345015f (webtiles) character file.

127 inmateoo the Insei (level 4, -11/30 HPs)
             Began as a Demonspawn Fire Elementalist on Feb 18, 2018.
             Mangled by an iguana (12 damage)
             ... on level 4 of the Dungeon.
             The game lasted 00:03:17 (4045 turns).

inmateoo the Insei (Demonspawn Fire Elementalist)   Turns: 4045, Time: 00:03:18

Health: -11/30     AC:  6    Str:  9    XL:     4   Next: 85%
Magic:  7/7        EV: 15    Int: 16    God:
Gold:   99         SH:  0    Dex: 19    Spells: 6/7 levels left

rFire    . . .     SeeInvis .     - Unarmed
rCold    . . .     Gourm    .   (no shield)
rNeg     . . .     Faith    .   i - +0 scale mail
rPois    .         Spirit   .   (no helmet)
rElec    .         Reflect  .   (no cloak)
rCorr    .         Harm     .   (no gloves)
MR       .....                  (no boots)
Stlth    ++........             (no amulet)
HPRegen  0.10/turn              (no ring)
MPRegen  0.10/turn              (no ring)

@: agile
A: repulsion field 1, powered by pain 1
a: no special abilities


You were on level 4 of the Dungeon.
You were not hungry.

You visited 1 branch of the dungeon, and saw 4 of its levels.

You collected 99 gold pieces.

Inventory:

Armour
 i - a +0 scale mail (worn)
Scrolls
 a - a scroll of fog
Potions
 d - a potion of degeneration {unknown}
 e - a potion of haste
Books
 b - a book of Flames

   Spells                             Type                      Level
   a - Flame Tongue                   Conjuration/Fire             1
   b - Throw Flame                    Conjuration/Fire             2
   c - Conjure Flame                  Conjuration/Fire             3
   d - Inner Flame                    Hexes/Fire                   3
   e - Sticky Flame                   Conjuration/Fire             4
   f - Fireball                       Conjuration/Fire             5
Comestibles
 c - 6 rations


   Skills:
 - Level 1.7 Dodging
 - Level 1.7 Stealth
 + Level 4.1 Unarmed Combat
 - Level 2.0 Spellcasting
 - Level 1.0 Conjurations
 - Level 2.6 Fire Magic


You had 6 spell levels left.
You knew the following spells:

 Your Spells              Type           Power        Failure   Level  Hunger
a - Flame Tongue          Conj/Fire      #....        63%         1    #......


Dungeon Overview and Level Annotations

Branches:
Dungeon (4/15)
 Temple: D:4-7

Altars:
Dithmenos
Fedhas
Okawaru
Sif Muna
The Shining One


Innate Abilities, Weirdness & Mutations

You are surrounded by a mild repulsion field. (EV +2)
You sometimes gain a little power by taking damage.


Message History

The iguana bites you!
You focus on the pain.
You feel agile all of a sudden.
You hit the iguana.
The iguana is moderately wounded.
The iguana closely misses you.
You hit the iguana.
The iguana is severely wounded.
The iguana bites you!
* * * LOW HITPOINT WARNING * * *
You hit the iguana but do no damage.
The iguana is severely wounded.
The iguana barely misses you.
You closely miss the iguana.
The iguana is severely wounded.
The iguana bites you!
* * * LOW HITPOINT WARNING * * *
You hit the iguana but do no damage.
The iguana is severely wounded.
The iguana bites you!
You die...

#.#.# #.#.# #
#.#.#### . #......#
# #. ###.#.#..#.##
#.## #)...........
.!. #.#.#.#..#.#
##.#.#.##......#.#
#......l@<....## #
...#%#.##.#.#.##.#.#
... #.#.#......#
#.## #.#.####.### #.
..#.# # # #.#..
..### ...


You could see an iguana.

Vanquished Creatures
  A hound skeleton (D:4)
  5 adders
  2 worms (D:2)
  A dart slug (D:1)
  4 orcs (D:3)
  2 giant cockroaches
  14 goblins
  6 hobgoblins
  3 kobolds
  4 quokkas
  8 bats
  5 frilled lizards
  4 rats
59 creatures vanquished.

Notes
Turn   | Place    | Note
-------+----------+-------------------------------------------
     0 | D:1      | inmateoo the Demonspawn Fire Elementalist began the quest for the Orb.
     0 | D:1      | Reached XP level 1. HP: 13/13 MP: 3/3
   123 | D:1      | Reached skill level 1 in Unarmed Combat
   399 | D:1      | Gained mutation: You sometimes gain a little power by taking damage. [demonic ancestry]
   399 | D:1      | Reached XP level 2. HP: 5/19 MP: 0/5
  1089 | D:1      | Reached skill level 2 in Unarmed Combat
  1610 | D:2      | Reached XP level 3. HP: 9/24 MP: 6/6
  2061 | D:2      | Reached skill level 3 in Unarmed Combat
  2075 | D:2      | Found a blossoming altar of Fedhas.
  2075 | D:2      | Found a deep blue altar of Sif Muna.
  2075 | D:2      | Found a shadowy altar of Dithmenos.
  2085 | D:2      | Found a glowing golden altar of the Shining One.
  2088 | D:2      | Found an iron altar of Okawaru.
  2370 | D:2      | Gained mutation: You are surrounded by a mild repulsion field. (EV +2) [demonic ancestry]
  2370 | D:2      | Reached XP level 4. HP: 15/30 MP: 7/7
  2757 | D:2      | Noticed a water moccasin
  2781 | D:2      | HP: 1/30 [poisoned by a water moccasin]
  3622 | D:3      | Noticed a phantom
  3718 | D:4      | Reached skill level 4 in Unarmed Combat
  3729 | D:4      | HP: 1/30 [hound skeleton (1)]
  4044 | D:4      | HP: 1/30 [iguana (8)]
  4045 | D:4      | Mangled by an iguana

Skill      XL: |  1  2  3  4 |
---------------+-------------+-----
Unarmed Combat | 1 2 3 4 |  4.1
Dodging        | |  1.7
Stealth        | |  1.7
Spellcasting   | |  2.0
Conjurations   | |  1.0
Fire Magic     | |  2.6

Action                   |  1- 3 |  4- 6 || total
-------------------------+-------+-------++-------
Melee: Unarmed           |   164 |   123 ||   287
       Punch             |     2 |     3 ||     5
 Cast: Flame Tongue      |    18 |       ||    18
  Use: Scroll            |     5 |     4 ||     9
       Potion            |       |     1 ||     1
 Stab: Sleeping          |     1 |       ||     1
  Eat: Chunk             |     2 |     5 ||     7
       Ration            |     1 |       ||     1
Armor: Robe              |    22 |       ||    22
       Scale mail        |    35 |    44 ||    79
Dodge: Dodged            |    97 |    61 ||   158
